 Dungeon Crawl Stone Soup version 0.28.0-45-g0d030f2227 (webtiles) character file.

Game seed: 2558213363944064036

1901 Icepheonix32 the Covered (level 8, -7/64 HPs)
             Began as a Demonspawn Fighter on Apr 9, 2022.
             Mangled by a large abomination (26 damage)
             ... on level 2 of the Abyss.
             The game lasted 00:13:28 (6265 turns).

Icepheonix32 the Covered (Demonspawn Fighter)       Turns: 6265, Time: 00:13:28

Health: -7/64      AC: 11    Str: 18    XL:     8   Next: 94%
Magic:  8/8        EV: 10    Int: 10    God:
Gold:   85         SH:  5    Dex: 13    Spells: 7/7 levels left

rFire   . . .      SeeInvis .   m - +0 whip (drain)
rCold   . . .      Faith    .   c - +0 buckler
rNeg    . . .      Spirit   .   b - +0 scale mail
rPois   .          Reflect  .   x - +0 helmet
rElec   .          Harm     .   (no cloak)
rCorr   .          Rampage  .   q - +0 pair of gloves
Will    +....                   (no boots)
Stlth   ..........              (no amulet)
HPRegen 0.20/turn               f - ring of willpower
MPRegen 0.11/turn               (no ring)

@: no status effects
A: hooves 1, rugged brown scales 1, spiny 1
a: no special abilities


You were on level 2 of the Abyss.
You visited 1 branch of the dungeon, and saw 7 of its levels.
You visited the Abyss 1 time.
You also visited: Sewer.

You collected 267 gold pieces.
You spent 182 gold pieces at shops.

Inventory:

Hand Weapons
 a - a +0 long sword
 g - a +0 dagger of draining
 j - a +2 dagger of venom
 m - a +0 whip of draining (weapon)
 s - a +0 dagger of electrocution
 t - a +0 dagger of electrocution
 u - a +0 hunting sling
 D - a +1 morningstar of protection
 G - a +3 flail of protection
Missiles
 r - 3 poisoned darts
 w - 19 sling bullets
 y - 4 throwing nets
 I - 2 datura-tipped darts (quivered)
Armour
 b - a +0 scale mail (worn)
 c - a +0 buckler (worn)
 q - a +0 pair of gloves (worn)
 x - a +0 helmet (worn)
Jewellery
 f - a ring of willpower (left hand)
Scrolls
 h - 3 scrolls of enchant weapon {unknown}
 i - a scroll of holy word
 k - 4 scrolls of vulnerability {unknown}
 n - a scroll of blinking
 E - a scroll of fear {unknown}
 F - a scroll of summoning {unknown}
 H - a scroll of enchant armour
 J - a scroll of amnesia
Potions
 d - 2 potions of might
 e - a potion of brilliance
 l - 2 potions of cancellation {unknown}
 o - 2 potions of lignification {unknown}
 p - 4 potions of heal wounds {unknown}
 v - a potion of invisibility {unknown}
 z - 2 potions of flight
 A - 2 potions of curing
 B - a potion of berserk rage
 C - 4 potions of mutation {unknown}


   Skills:
 + Level 5.6 Fighting
 + Level 1.1(1.7) Short Blades
 - Level 2.0(2.1) Long Blades
 - Level 3.1 Maces & Flails
 + Level 2.3(2.5) Slings
 + Level 1.4(2.1) Throwing
 + Level 6.4 Armour
 + Level 3.5 Dodging
 + Level 1.4 Stealth
 + Level 4.8 Shields


You had 7 spell levels left.
You didn't know any spells.
Your spell library contained the following spells:

 Spells                   Type           Power      Damage    Failure   Level
 Animate Skeleton         Necr           0%         N/A       80%         1
 Apportation              Tloc           0%         N/A       80%         1
 Magic Dart               Conj           0%         1d3       80%         1
 Sting                    Tmut/Pois      0%         1d3       80%         1
 Summon Small Mammal      Summ           0%         N/A       80%         1
 Call Imp                 Summ           0%         N/A       91%         2
 Poisonous Vapours        Pois/Air       0%         N/A       91%         2
 Mephitic Cloud           Conj/Pois/Air  0%         N/A       99%         3
 Olgreb's Toxic Radiance  Pois           0%         N/A       100%        4
 Summon Ice Beast         Ice/Summ       0%         N/A       100%        4
 Alistair's Intoxication  Tmut/Pois      0%         N/A       100%        5
 Summon Mana Viper        Hex/Summ       0%         N/A       100%        5
 Monstrous Menagerie      Summ           0%         N/A       100%        7


Dungeon Overview and Level Annotations

Branches:
Dungeon (7/15)              Sewer (visited)
 Temple: D:4-7

Altars:
Ashenzari
Dithmenos
Gozag
Hepliaklqana
Kikubaaqudgha
Nemelex Xobeh
Qazlal
Uskayaw
The Shining One

Shops:
D:1 *   D:4 ?   D:5 *   D:6 (


Innate Abilities, Weirdness & Mutations

You have large cloven feet.
You are partially covered in rugged brown scales. (AC +1, +3% HP)
You are partially covered in sharp spines.


Message History

The wizard is struck by your spines. The wizard hits you but does no damage.
You closely miss the wizard. Your kick misses the wizard.
The wizard is severely wounded.
The wizard is struck by your spines. The wizard hits you but does no damage.
You barely miss the wizard. You kick the wizard, but do no damage.
The wizard is almost dead.
The wizard hits you with a +0 dagger.
You barely miss the wizard. You kick the wizard.
The wizard is almost dead.
The wizard is struck by your spines. The wizard barely misses you.
You barely miss the wizard.
The wizard is almost dead.
The wizard points at you and mumbles some strange words.
You are cast into the Abyss!
This branch contains the abyssal rune of Zot.
Reactivating autopickup.
A large abomination comes into view.
A large abomination is nearby!
A large abomination is nearby!
No reachable target in view!
You enter the shallow water.
Moving in this stuff is going to be slow.
Found a gateway leading deeper into the Abyss.
You block the large abomination's attack.
You block the large abomination's attack.
The large abomination hits you.
You block the large abomination's attack.
The large abomination hits you but does no damage.
The large abomination misses you.
The large abomination closely misses you.
The large abomination barely misses you.
The large abomination closely misses you.
You block the large abomination's attack.
The large abomination is struck by your spines.
The large abomination barely misses you.
The large abomination hits you!
* * * LOW HITPOINT WARNING * * *
The large abomination closely misses you.
The large abomination hits you!!
You die...

#.# ..# . ..
#.... ..# .#.
#.# ..
.#.####.####. .
..#...........
....≈≈≈≈≈≈≈....
...≈..#.##≈...#
...≈#.X..#.....
. ..#..@#.#≈. #
.....#..#....#.
...≈.........#
#....###...#..#
##### .#.....
.#..... .# ..
.# ....


You could see a large abomination.

Vanquished Creatures
  3 ogres
  3 phantoms
  3 centaurs
  A kobold brigand (Sewer)
  3 scorpions
  A water moccasin skeleton (D:5)
  2 howler monkeys
  A bullfrog zombie (D:5)
  A centaur zombie (D:4)
  2 gnoll shamans
  2 orc priests (D:6)
  5 iguanas
  6 orc wizards
  Robin (D:4)
  A howler monkey zombie (D:5)
  12 gnolls
  6 adders
  A river rat (Sewer)
  A white imp (D:5)
  2 worms
  4 dart slugs
  15 orcs
  8 ball pythons
  4 bats
  9 endoplasms
  4 giant cockroaches
  13 goblins
  5 hobgoblins
  6 jackals
  3 quokkas
  4 frilled lizards
  7 kobolds
  8 rats
147 creatures vanquished.

Vanquished Creatures (others)
  An orc wizard (D:7)
  A plant (D:6)
2 creatures vanquished.

Grand Total: 149 creatures vanquished

Notes
Turn   | Place    | Note
-------+----------+-------------------------------------------
     0 | D:1      | Icepheonix32 the Demonspawn Fighter began the quest for the
                  | Orb.
     0 | D:1      | Reached XP level 1. HP: 18/18 MP: 1/1
   314 | D:1      | Gained mutation: You are partially covered in sharp spines.
                  | [demonic ancestry]
   314 | D:1      | Reached XP level 2. HP: 24/24 MP: 2/2
   343 | D:1      | Reached skill level 3 in Armour
   709 | D:1      | Found Oqitziz's Assorted Antiques.
   770 | D:1      | Gained mutation: You are partially covered in rugged brown
                  | scales. (AC +1, +3% HP) [demonic ancestry]
   770 | D:1      | Reached XP level 3. HP: 5/29 MP: 3/3
  1482 | D:1      | Found a faded altar of an unknown god.
  1731 | D:2      | Reached skill level 1 in Dodging
  2012 | D:3      | Noticed a phantom
  2022 | D:3      | Killed a phantom
  2023 | D:3      | Reached skill level 1 in Maces & Flails
  2023 | D:3      | Reached XP level 4. HP: 28/36 MP: 4/4
  2087 | D:3      | Reached XP level 5. HP: 37/42 MP: 5/5
  2221 | D:3      | Reached skill level 1 in Short Blades
  2333 | D:3      | Found a stormy altar of Qazlal.
  2546 | D:4      | Noticed a phantom
  2567 | D:4      | Killed a phantom
  2622 | D:4      | Noticed Robin
  2624 | D:4      | Found a glowing drain.
  2632 | D:4      | Killed Robin
  2633 | D:4      | Gained mutation: You have large cloven feet. [demonic
                  | ancestry]
  2633 | D:4      | Reached XP level 6. HP: 35/49 MP: 6/6
  2634 | D:4      | Found Dirueh's Magic Scroll Emporium.
  2686 | D:4      | Reached skill level 4 in Armour
  2697 | Sewer    | Entered a sewer
  3316 | D:4      | Found a broken altar of Ashenzari.
  3437 | D:4      | Found a hide-covered altar of Uskayaw.
  3439 | D:4      | Found a sparkling altar of Nemelex Xobeh.
  3455 | D:4      | Found an ancient bone altar of Kikubaaqudgha.
  3459 | D:4      | Found a shadowy altar of Dithmenos.
  3462 | D:4      | Found a hazy altar of Hepliaklqana.
  3466 | D:4      | Found an opulent altar of Gozag.
  3491 | D:4      | Reached XP level 7. HP: 54/55 MP: 7/7
  3950 | D:5      | Entered Level 5 of the Dungeon
  4181 | D:5      | Reached skill level 1 in Throwing
  4260 | D:5      | Found Jebreb's General Store.
  4295 | D:5      | Reached skill level 5 in Armour
  4448 | D:5      | Reached XP level 8. HP: 44/62 MP: 8/8
  5236 | D:6      | Reached skill level 5 in Fighting
  5314 | D:1      | Bought a runed morningstar for 182 gold pieces
  5453 | D:6      | Reached skill level 1 in Slings
  5453 | D:6      | Reached skill level 6 in Armour
  5453 | D:6      | Reached skill level 1 in Stealth
  6065 | D:6      | Found Seitel's Hydra Hut.
  6072 | D:6      | Noticed a six-headed hydra
  6183 | D:7      | Noticed a wizard
  6213 | D:7      | Cast into level 2 of the Abyss (a wizard)
  6245 | Abyss:2  | Noticed a large abomination
  6265 | Abyss:2  | Mangled by a large abomination

Illustrated notes

Levels and vault maps discovered:
D:1:      giann_bridges, layout_basic, serial_shops, nicolae_diamond_shop,
          hellmonk_ecumenical_altar_inner_sanctum
D:2:      layout_rooms, serial_corexii_hall, corexii_hall_statues_l,
          corexii_hall_statues_s, solitary_fountain
D:3:      layout_rooms, mainiacjoe_overflow_surrounded_room,
          kennysheep_generic_room_4
D:4:      layout_rooms, nicolae_overflow_crystal_walls, kennysheep_little_box,
          nicolae_overflow_hallway_of_the_gods, serial_shops,
          nicolae_inconvenience_store, gup_sewer_entry_glass, minivault_23,
          uniq_robin
D:5:      layout_gridville, serial_shops, nicolae_shop_crystal
D:6:      layout_loops_cross, doesnt_shop_hydraphobe
D:7:      cheibrodos_wizards_tower, layout_basic, minmay_temple_entry_ruins,
          serial_glass, glass_columns_a, glass_columns_a,
          kennysheep_small_circle
Abyss:2:  base:
D:6

Skill      XL: |  1  2  3  4  5  6  7  8 |
---------------+-------------------------+-----
Long Blades    | 2 |  2.0
Armour         | 3 4 5 6 |  6.4
Shields        | 3 4 |  4.8
Dodging        | 1 2 3 |  3.5
Maces & Flails | 1 2 3 |  3.1
Short Blades   | 1 |  1.1
Fighting       | 4 5 |  5.6
Throwing       | 1 |  1.4
Slings         | 2 |  2.3
Stealth        | 1 |  1.4

Action                   |  1- 3 |  4- 6 |  7- 9 || total
-------------------------+-------+-------+-------++-------
Melee: Long sword        |    15 |       |       ||    15
       Dagger            |    45 |    15 |       ||    60
       Whip              |    25 |   122 |   106 ||   253
       Kick              |       |    22 |    62 ||    84
       Flail             |       |       |    58 ||    58
 Fire: Hunting sling     |       |     2 |    17 ||    19
Throw: Dart              |       |     5 |    11 ||    16
  Use: Scroll            |       |     4 |     4 ||     8
       Potion            |       |       |     1 ||     1
Armor: Scale mail        |    29 |    64 |    95 ||   188
Dodge: Dodged            |    31 |    59 |    81 ||   171
Block: Buckler           |    15 |    25 |    46 ||    86
